 Dungeon Crawl Stone Soup version 0.27-a0-1597-ge58577e147 (webtiles) character file.

Game seed: 1970516785166837713

59 DocSulfur the Insei (level 3, 28/28 HPs)
             Began as a Draconian Transmuter on July 21, 2021.
             Was a Follower of Uskayaw.
             Quit the game on level 3 of the Dungeon.
             The game lasted 00:04:53 (2212 turns).

DocSulfur the Insei (Draconian Transmuter)          Turns: 2212, Time: 00:04:54

Health: 28/28      AC:  5    Str: 12    XL:     3   Next: 78%
Magic:  6/6        EV: 12    Int: 13    God:    Uskayaw [*.....]
Gold:   85         SH:  0    Dex: 12    Spells: 5/6 levels left

rFire    . . .     SeeInvis .     - Unarmed
rCold    . . .     Faith    .   (no shield)
rNeg     . . .     Spirit   .   (armour unavailable)
rPois    .         Reflect  .   (helmet restricted)
rElec    .         Harm     .   (no cloak)
rCorr    .         Rampage  .   (no gloves)
Will     .....                  (no boots)
Stlth    +.........             (no amulet)
HPRegen  0.09/turn              (no ring)
MPRegen  0.10/turn              (no ring)

@: no status effects
A: AC +5, unfitting armour, cold-blooded
a: Renounce Religion, Stomp


You were on level 3 of the Dungeon.
You worshipped Uskayaw.
Uskayaw was noncommittal.
You visited 1 branch of the dungeon, and saw 3 of its levels.

You collected 85 gold pieces.

Inventory:

Missiles
 h - 8 curare-tipped darts
Scrolls
 d - 2 scrolls of enchant armour {unknown}
 e - a scroll of fear {unknown}
 f - a scroll of magic mapping {unknown}
 g - a scroll of acquirement {unknown}
 j - 2 scrolls of identify {unknown}
 k - a scroll of enchant weapon {unknown}
Potions
 a - a potion of mutation {unknown}
 b - 2 potions of attraction {unknown}
 c - a potion of resistance {unknown}
 i - a potion of degeneration {unknown}


   Skills:
 - Level 1.1 Fighting
 - Level 1.7 Dodging
 + Level 3.3 Unarmed Combat
 - Level 2.0 Spellcasting
 + Level 2.5 Transmutations
 + Level 1.3 Ice Magic
 * Level 2.0 Poison Magic


You had 5 spell levels left.
You knew the following spells:

 Your Spells              Type           Power      Damage    Failure   Level
a - Beastly Appendage     Tmut           14%        N/A       9%          1

Your spell library contained the following spells:

 Spells                   Type           Power      Damage    Failure   Level
 Sting                    Tmut/Pois      28%        1d4       10%         1
 Wereblood                Tmut           7%         N/A       14%         2
 Poisonous Vapours        Pois/Air       6%         N/A       26%         2
 Spider Form              Tmut/Pois      3%         N/A       30%         3
 Olgreb's Toxic Radiance  Pois           6%         N/A       73%         4
 Ice Form                 Ice/Tmut       6%         N/A       75%         4


Dungeon Overview and Level Annotations

Branches:
Dungeon (3/15)

Altars:
Uskayaw
Wu Jian


Innate Abilities, Weirdness & Mutations

Your plain brown scales are hard. (AC +5)
You cannot fit into any form of body armour.
You are cold-blooded and may be slowed by cold attacks.


Message History

You completely miss the hobgoblin.
You claw the hobgoblin, but do no damage.
The hobgoblin is heavily wounded.
The hobgoblin closely misses you.
You hit the hobgoblin.
The hobgoblin is severely wounded.
You hit the hobgoblin.
You kill the hobgoblin!
You see here a hobgoblin corpse.
Your transformation is almost over.
You can no longer pass through a line of other dancers.
Your horns disappear.
Your talons disappear.
You see here a +0 leather armour.
Found 14 arrows.
Key pressed, stopping explore.
There is a stone staircase leading up here.
Done exploring.
Done exploring.
Done exploring.
Done exploring.
There is a stone staircase leading down here.
You climb downwards.
Found an escape hatch in the floor.
Found a stone staircase leading up.
There is a stone staircase leading up here.
Casting: Beastly Appendage (safe; 9% risk of failure)
Confirm with . or Enter, or press ? or * to list all spells.
You grow a pair of large bovine horns.
Your feet morph into talons.
The ball python hisses angrily.
Found a stone staircase leading down.
You barely miss the ball python. You headbutt the ball python.
You kill the ball python!
Your transformation is almost over.
Your horns disappear.
Your talons disappear.
There is a stone staircase leading down here.
Found a scroll labelled ANGAYGUUTA.
Found an ornate altar of the Wu Jian Council.
Found a scroll labelled GIRUEW JOALIE.
d - 2 scrolls labelled ANGAYGUUTA (gained 1)
k - a scroll labelled GIRUEW JOALIE Are you sure you want to abandon this character and quit the game? (Confirm with "yes".)

##.....## ##......# # ..
##....#.#... .
............ .#
##....##..## ######.#
.#.......... ......###.
......###### #........#
##.......######........#
#..............@......#
#...≈≈≈≈≈≈≈...#########
##....≈≈≈≈≈≈..#
#..8...._≈≈..#
#....≈≈≈≈≈≈..#
#..≈≈≈≈≈≈≈...#
##...........#
###.........#
###########


There were no monsters in sight!

Vanquished Creatures
  3 adders (D:2)
  2 dart slugs (D:2)
  4 ball pythons
  A giant cockroach (D:1)
  3 goblins (D:2)
  4 hobgoblins (D:2)
  3 jackals (D:1)
  A bat (D:2)
  A frilled lizard (D:2)
  5 kobolds
  A rat (D:2)
28 creatures vanquished.

Notes
Turn   | Place    | Note
-------+----------+-------------------------------------------
     0 | D:1      | DocSulfur the Draconian Transmuter began the quest for the
                  | Orb.
     0 | D:1      | Reached XP level 1. HP: 16/16 MP: 3/3
    47 | D:1      | Found a faded altar of an unknown god.
    84 | D:1      | Became a worshipper of Uskayaw the Reveller
    84 | D:1      | Reached * piety under Uskayaw
   163 | D:1      | Reached ** piety under Uskayaw
   170 | D:1      | Reached XP level 2. HP: 13/23 MP: 5/5
   618 | D:1      | Reached skill level 1 in Poison Magic
  1186 | D:2      | Reached skill level 1 in Ice Magic
  1355 | D:2      | Reached XP level 3. HP: 28/28 MP: 6/6
  2174 | D:3      | Found an ornate altar of the Wu Jian Council.
  2212 | D:3      | Quit the game

Illustrated notes

Levels and vault maps discovered:
D:1:      lemuel_arrival_tunnels, layout_loops_cross,
          shapermc_ecumenical_altar_starsandcircs
D:2:      layout_basic, minmay_hexomino_u4
D:3:      layout_rooms, minmay_overflow_temple_star_quad,
          mainiacjoe_overflow_catwalk, lexackson_kobold_supper,
          uniq_crazy_yiuf_cottage

Skill      XL: |  1  2  3 |
---------------+----------+-----
Poison Magic   | 1 2 |  2.0
Ice Magic      | 1 |  1.3
Fighting       | |  1.1
Dodging        | |  1.7
Unarmed Combat | |  3.3
Spellcasting   | |  2.0
Transmutations | |  2.5

Action                   || total
-------------------------++-------
Melee: Unarmed           ||    87
       Kick              ||    11
       Headbutt          ||     7
       Tailslap          ||     5
 Cast: Beastly Appendage ||    18
Invok: Stomp             ||     1
Armor: Skin              ||    16
Dodge: Dodged            ||    55

Table legend: (Time is in decaauts)
 A = Elapsed time spent in this place.
 B = Non-inter-level travel time spent in this place.
 C = Inter-level travel time spent in this place.
 D = Time resting spent in this place.
 E = Time spent auto-exploring this place.
 F = Levels seen in this place.
 G = Mean time per level.
                   A        B        C        D        E       F      G
               +--------+--------+--------+--------+--------+-----+--------+
         Total |   2206 |   2133 |     73 |      0 |   1698 |   3 |  735.3 |
       Dungeon |   2206 |   2133 |     73 |      0 |   1698 |   3 |  735.3 |
               +--------+--------+--------+--------+--------+-----+--------+

Top non-repeatable levels by time:
     D:2: 1247 daAuts
     D:1: 895 daAuts
     D:3: 63 daAuts
